 Dungeon Crawl Stone Soup version 0.28-a0-6-g334057b17a (webtiles) character file.

Game seed: 8730599241182655587

21 PentaManta the Sneak (level 2, 0/19 HPs)
             Began as a Vampire Necromancer on July 23, 2021.
             Slain by a jackal (3 damage)
             ... on level 1 of the Dungeon.
             The game lasted 00:04:22 (881 turns).

PentaManta the Sneak (Vampire Necromancer)           Turns: 881, Time: 00:04:23

Health: 0/19       AC:  2    Str:  7    XL:     2   Next: 62%
Magic:  5/5        EV: 12    Int: 17    God:
Gold:   43         SH:  0    Dex: 14    Spells: 3/5 levels left

rFire   . . .      SeeInvis +   i - +1 dagger (venom)
rCold   + . .      Faith    .   (no shield)
rNeg    . . .      Spirit   .   a - +0 robe
rPois   .          Reflect  .   (no helmet)
rElec   .          Harm     .   (no cloak)
rCorr   .          Rampage  .   (no gloves)
Will    .....                   (no boots)
Stlth   +++.......              (no amulet)
HPRegen 0.26/turn               g - ring of protection from cold
MPRegen 0.09/turn               (no ring)

@: healing quickly
A: alive, fangs 3, see invisible, vampiric 1
a: Exsanguinate


You were on level 1 of the Dungeon.
You visited 1 branch of the dungeon, and saw 2 of its levels.

You collected 43 gold pieces.

Inventory:

Hand Weapons
 e - a +0 dagger
 i - a +1 dagger of venom (weapon)
Missiles
 f - a stone
Armour
 a - a +0 robe (worn)
Jewellery
 g - a ring of protection from cold (left hand)
Scrolls
 b - a scroll of identify {unknown}
 c - a scroll of vulnerability {unknown}
 h - a scroll of acquirement {unknown}
Potions
 d - a potion of heal wounds {unknown}


   Skills:
 - Level 2.1 Dodging
 + Level 5.1 Stealth
 - Level 2.0 Spellcasting
 - Level 4.3 Necromancy


You had 3 spell levels left.
You knew the following spells:

 Your Spells              Type           Power      Damage    Failure   Level
a - Pain                  Necr           64%        1d7       3%          1
b - Animate Skeleton      Necr           32%        N/A       3%          1

Your spell library contained the following spells:

 Spells                   Type           Power      Damage    Failure   Level
 Vampiric Draining        Necr           8%         2d7       10%         3
 Animate Dead             Necr           8%         N/A       32%         4
 Agony                    Necr           16%        N/A       65%         5


Dungeon Overview and Level Annotations

Branches:
Dungeon (2/15)

Altars:


Innate Abilities, Weirdness & Mutations

Your natural rate of healing is accelerated.
You have razor-sharp teeth.
You have supernaturally acute eyesight. (SInv)
You are afflicted with vampirism.


Message History

The jackal bites you.
* * * LOW HITPOINT WARNING * * *
The jackal closely misses you. The jackal barely misses you.
The jackal bites you.
* * * LOW HITPOINT WARNING * * *
The jackal misses you. The jackal misses you.
You closely miss the jackal. You hit the jackal but do no damage.
The jackal is poisoned.
The jackal barely misses you. x2
You hit the jackal but do no damage.
The jackal is lightly wounded.
The jackal misses you.
You hit the jackal but do no damage.
The jackal is moderately wounded.
The jackal closely misses you. The jackal completely misses you.
You barely miss the jackal.
The jackal is heavily wounded.
The jackal bites you.
* * * LOW HITPOINT WARNING * * *
You completely miss the jackal.
The jackal is almost dead.
You kill the jackal!
You closely miss the jackal. Your bite misses the jackal.
The jackal bites you but does no damage.
The jackal bites you.
* * * LOW HITPOINT WARNING * * *
You hit the jackal.
The jackal is poisoned.
The jackal is lightly wounded.
The jackal misses you.
You closely miss the jackal.
The jackal is lightly wounded.
The jackal closely misses you.
You miss the jackal.
The jackal is moderately wounded.
The jackal bites you.
* * * LOW HITPOINT WARNING * * *
The jackal bites you.
You die...

#.##≈##≈.≈...≈≈.≈≈....#
#.##≈≈≈≈≈.≈≈.≈≈≈≈≈.≈≈≈≈
#.#####.###≈≈≈≈≈h≈≈≈≈≈≈≈≈≈≈≈≈
#........## #.≈......≈≈≈≈.≈≈#
#######...# #....h..≈......##
#...# ##.........###... #..##
#...####.## ##.#
###########..#####...# #..h###.##
#.....).........@hh..# #.#..#.###
#.#########..######.##♣♣.♣♣.†....
#.# #..######§♣°.♣...♣♣#### #.#
#......§.§.♣♣..♣♣♣○§# #.#
#.######°☼♣♣♣⌠.⌠.☼♣8# #.# #.#
#.♣☼.⌠...⌠♣..## #.# #.#
#♣♣♣⌠..∩..⌠♣♣.# #.# #.#
#..⌠.......⌠.♣ #.# ##.#
#♣♣..∩.<.∩...♣


You could see 3 jackals.

Vanquished Creatures
  An endoplasm (D:1)
  A giant cockroach (D:1)
  A goblin (D:1)
  2 hobgoblins (D:1)
  5 jackals (D:1)
  A kobold (D:1)
  3 ball pythons (D:1)
  2 bats (D:1)
  2 frilled lizards (D:1)
  A rat (D:1)
19 creatures vanquished.

Notes
Turn   | Place    | Note
-------+----------+-------------------------------------------
     0 | D:1      | PentaManta the Vampire Necromancer began the quest for the
                  | Orb.
     0 | D:1      | Reached XP level 1. HP: 13/13 MP: 3/3
    49 | D:1      | Learned a level 1 spell: Animate Skeleton
   234 | D:1      | Reached skill level 4 in Stealth
   302 | D:1      | Reached XP level 2. HP: 16/19 MP: 1/5
   842 | D:1      | Reached skill level 5 in Stealth
   881 | D:1      | Slain by a jackal

Illustrated notes

Levels and vault maps discovered:
D:1:      heliophobic_arrival_enchanted_forest, layout_loops_ring,
          chequers_serial_rivers_small_3, minmay_misc_feat_more_columns
D:2:      layout_rooms, shapermc_ecumenical_altar_gd

Skill      XL: |  1  2 |
---------------+-------+-----
Stealth        | 4 5 |  5.1
Dodging        | |  2.1
Spellcasting   | |  2.0
Necromancy     | |  4.3

Action                   || total
-------------------------++-------
Melee: Unarmed           ||     6
       Bite              ||     4
       Dagger            ||    26
 Cast: Pain              ||    29
       Animate Skeleton  ||     1
Armor: Robe              ||     7
Dodge: Dodged            ||    44

Table legend: (Time is in decaauts)
 A = Elapsed time spent in this place.
 B = Non-inter-level travel time spent in this place.
 C = Inter-level travel time spent in this place.
 D = Time resting spent in this place.
 E = Time spent auto-exploring this place.
 F = Levels seen in this place.
 G = Mean time per level.
                   A        B        C        D        E       F      G
               +--------+--------+--------+--------+--------+-----+--------+
         Total |    881 |    881 |      0 |    230 |    398 |   2 |  440.5 |
       Dungeon |    881 |    881 |      0 |    230 |    398 |   2 |  440.5 |
               +--------+--------+--------+--------+--------+-----+--------+

Top non-repeatable levels by time:
     D:1: 879 daAuts
     D:2: 1 daAuts
